AoeStats
← LRNI_robotech

Arabia

510297339Analyzed
1v1 RM · 1d ago on Sep 30, 2026· 29m 46s· 2 players
Game mode
Random Map
Map size
Tiny (2 player)
Population
200
Speed
Normal
Resources
Standard
Victory
Conquest
Starting age
Dark Age
Ending age
Imperial Age
RankedLock teamsTeams togetherTeam positionsShared explorationLock speedFull tech treeHidden civsTurbo modeCheats
Victory
Defeat
🇦🇷 Mongols · Argentina
1393
+16
🇧🇪 Vikings · Belgium
1385
-16
NEH
6:44 Loom
9:02 Feudal Age
9:18 Man-at-Arms
13:51 Double-Bit Axe
20:29 Castle Age
18:32 Fletching
19:30 Horse Collar
20:38 Elite Skirmisher
22:08 Bodkin Arrow
23:03 Squires
24:07 Bow Saw
26:23 Scale Mail Armor
27:22 Forging
27:45 Pikeman
LRNI_robotech
6:42 Loom
8:46 Feudal Age
9:01 Man-at-Arms
9:52 Double-Bit Axe
23:50 Castle Age
22:23 Scale Barding Armor
22:32 Forging
22:09 Horse Collar
23:06 Bloodlines
23:00 Gold Mining
26:11 Scale Barding Armor
29:45 Iron Casting
30:27 Chain Barding Armor
Connection lost

Rejoining the realm…

Still unreachable

The connection could not be restored.

Session expired

The server has moved on; the page needs a fresh start.